 Dungeon Crawl Stone Soup version 0.18.1-50-g88ac8fd (webtiles) character file.

5545 sleepydude the Basher (level 11, -2/87 HPs)
             Began as a Formicid Fighter on Oct 16, 2016.
             Was an Elder of Okawaru.
             Slain by a six-headed hydra (3 damage)
             ... on level 1 of the Lair of Beasts.
             The game lasted 00:32:52 (9056 turns).

sleepydude the Basher (Formicid Fighter)            Turns: 9056, Time: 00:32:53

Health: -2/87      AC: 13    Str: 25    XL:     11   Next: 2%
Magic:  12/12      EV:  8    Int: 11    God:    Okawaru [****..]
Gold:   399        SH: 17    Dex: 10    Spells: 0 memorised, 10 levels left

rFire  + + .     SeeInvis +     R - +0 great mace
rCold  . . .     Gourm    .     h - +0 plate armour
rNeg   . . .     Faith    .     c - +0 shield
rPois  .         Spirit   .     (helmet unavailable)
rElec  .         Dismiss  .     (no cloak)
rCorr  .         Reflect  +     (no gloves)
SustAt .         Harm     .     (no boots)
MR     +....     Clarity  +     P - +5 amulet of reflection
Stlth  ..........               N - ring of protection from fire
                                F - ring of protection from fire

@: somewhat resistant to hostile enchantments, extremely unstealthy
A: permanent stasis, dig shafts and tunnels, four strong arms, antennae 3,
hooves 1, blurry vision 1, clarity, clever 1, high mp 1, strong 1, sturdy frame
1
a: Dig, Shaft Self, Heroism, Renounce Religion


You were on level 1 of the Lair of Beasts.
You worshipped Okawaru.
Okawaru was greatly pleased with you.
You were hungry.

You visited 3 branches of the dungeon, and saw 11 of its levels.

You collected 544 gold pieces.
You spent 145 gold pieces at shops.

Inventory:

Hand Weapons
 v - a +4 whip
 O - a +0 morningstar
 R - a +0 great mace (weapon)
Armour
 c - a +0 shield (worn)
 h - a +0 plate armour (worn)
Jewellery
 F - a ring of protection from fire (left hand)
 N - a ring of protection from fire (right hand)
 P - a +5 amulet of reflection (around neck)
Wands
 a - a wand of paralysis (18/24)
 s - a wand of polymorph (13/24)
 t - a wand of slowing (22/48)
 y - a wand of teleportation (4/9)
 B - a wand of iceblast (9/15)
 D - a wand of digging (13/24)
Scrolls
 b - 2 scrolls of enchant weapon {unknown}
 e - 12 scrolls of identify {unknown}
 i - 3 scrolls of remove curse {unknown}
 k - a scroll of immolation {unknown}
 l - 3 scrolls of random uselessness {unknown}
 m - 2 scrolls of fog {unknown}
 q - 3 scrolls of recharging {unknown}
 r - 2 scrolls of noise {unknown}
 u - 2 scrolls of magic mapping {unknown}
 A - 4 scrolls of enchant armour {unknown}
 E - a scroll of teleportation {unknown}
 I - 2 scrolls of amnesia {unknown}
 S - a scroll of summoning {unknown}
Potions
 d - a potion of degeneration {unknown}
 g - a potion of lignification
 j - a potion of heal wounds {unknown}
 p - 2 potions of agility {unknown}
 w - 2 potions of magic {unknown}
 x - a potion of cancellation {unknown}
 z - a potion of flight {unknown}
 H - a potion of berserk rage {unknown}
 J - 2 potions of invisibility {unknown}
 K - a potion of ambrosia {unknown}
 L - 2 potions of haste {unknown}
 M - 3 potions of brilliance {unknown}
 Q - a potion of curing
Comestibles
 f - 4 bread rations
 n - 2 beef jerkies
 o - 6 slices of pizza
 C - 2 fruits
 G - a meat ration
 T - 3 chunks of flesh


   Skills:
 + Level 8.6 Fighting
 * Level 10.1 Maces & Flails
 + Level 8.1 Armour
 + Level 9.2 Shields


You had 10 spell levels left.
You didn't know any spells.

Dungeon Overview and Level Annotations

Branches:
Dungeon (9/15)             Temple (1/1) D:5            Lair (1/8) D:9
    Orc: D:9-12

Altars:
Ashenzari
Dithmenos
Elyvilon
Fedhas
Gozag
Kikubaaqudgha
Makhleb
Nemelex Xobeh
Okawaru
Pakellas
Qazlal
Ru
Sif Muna
Trog
Vehumet
Xom
Yredelemnul
Zin
The Shining One

Shops:
D:4 ?   D:7 *

Annotations:
D:7 Prince Ribbit
D:8 Spurious's ghost, novice MiBe


Innate Abilities, Weirdness & Mutations

You are under a permanent stasis effect.
You can dig through walls and to a lower floor.
Your four strong arms can wield two-handed weapons with a shield.
You have a pair of large antennae on your head (SInv).
You have large cloven feet.
Scrolls take you a little longer to read.
You possess an exceptional clarity of mind.
Your mind is acute. (Int +2)
You have an increased reservoir of magic (+10% MP).
Your muscles are strong. (Str +2)
Your movements are slightly less encumbered by armour (ER -2).


Message History

You block the six-headed hydra's attack. x2
The six-headed hydra closely misses you.
The six-headed hydra bites you.
* * * LOW HITPOINT WARNING * * *
The six-headed hydra bites you.
* * * LOW HITPOINT WARNING * * *
The six-headed hydra bites you but does no damage.
You block the six-headed hydra's attack.
The six-headed hydra bites you.
* * * LOW HITPOINT WARNING * * *
The six-headed hydra bites you but does no damage.
You block the six-headed hydra's attack. x2
Are you sure you want to shaft yourself?
You feel quite a bit more hungry.
You block the six-headed hydra's attack.
The six-headed hydra bites you.
* * * LOW HITPOINT WARNING * * *
The six-headed hydra bites you but does no damage.
The six-headed hydra bites you.
You die...

.# #...##.## ##
##...##.##
#..####..#####.##
#### ##..........
#..###P#####
##.## # ##..#
#..#### #@###.##
##.#D....#
#..#.....##
#..#.......#
#.#.......?#
.##.........# ..
#.........P# ..
#..........##
##........##


You could see a six-headed hydra.

Vanquished Creatures
  Erolcha (D:9)
  Pikel (D:8)
  Grinder (D:4)
  A slime creature (D:9)
  A wyvern (D:9)
  2 yaks (D:8)
  A human (D:7)
  2 water moccasins
  A porcupine (Lair:1)
  4 sky beasts
  An orc warrior (D:9)
  2 ice beasts (D:9)
  An ogre (D:6)
  2 phantoms
  3 centaurs
  A big kobold (D:7)
  Blork the orc (D:5)
  3 giant frogs
  A gnoll sergeant (D:7)
  A wyvern zombie (D:7)
  3 scorpions
  6 killer bees (D:7)
  2 crimson imps
  2 jellies (D:9)
  A giant frog zombie (D:5)
  5 hounds
  2 orc priests
  3 orc wizards
  A giant frog skeleton (D:9)
  2 iguanas
  6 worker ants
  2 sheep (D:8)
  A killer bee zombie (D:7)
  A hound skeleton (D:5)
  8 gnolls
  7 adders
  An ooze (D:7)
  2 adder skeletons
  4 worms
  11 dart slugs
  11 giant geckos
  20 orcs
  11 giant cockroaches
  6 goblins
  9 hobgoblins
  11 jackals
  12 kobolds
  3 quokkas
  2 ball pythons
  8 bats
  2 giant gecko skeletons
  4 giant newts
  A jackal skeleton (D:5)
  7 rats
208 creatures vanquished.

Vanquished Creatures (others)
  A centaur (D:7)
  A giant cockroach (D:8)
  A kobold (D:7)
3 creatures vanquished.

Grand Total: 211 creatures vanquished

Notes
Turn   | Place    | Note
--------------------------------------------------------------
     0 | D:1      | sleepydude the Formicid Fighter began the quest for the Orb.
     0 | D:1      | Reached XP level 1. HP: 18/18 MP: 1/1
    73 | D:1      | Reached XP level 2. HP: 24/24 MP: 2/2
   380 | D:1      | Reached XP level 3. HP: 28/29 MP: 3/3
  1044 | D:2      | Reached skill level 3 in Maces & Flails
  1096 | D:2      | Reached XP level 4. HP: 24/37 MP: 4/4
  1461 | D:2      | Found an ancient bone altar of Kikubaaqudgha.
  1980 | D:3      | Found a shadowy altar of Dithmenos.
  2024 | D:3      | Found a stormy altar of Qazlal.
  2061 | D:3      | Reached XP level 5. HP: 42/42 MP: 5/5
  2188 | D:3      | Found a sparkling altar of Nemelex Xobeh.
  2739 | D:4      | Found Rimn's Magic Scroll Boutique.
  2818 | D:4      | Reached XP level 6. HP: 48/49 MP: 6/6
  3007 | D:4      | Noticed Grinder
  3020 | D:4      | Killed Grinder
  3020 | D:4      | Reached skill level 5 in Fighting
  3020 | D:4      | Reached skill level 4 in Maces & Flails
  3020 | D:4      | Reached skill level 5 in Shields
  3020 | D:4      | Reached XP level 7. HP: 45/56 MP: 7/7
  3245 | D:3      | Reached skill level 5 in Maces & Flails
  3845 | D:5      | Entered Level 5 of the Dungeon
  4086 | D:5      | Found a staircase to the Ecumenical Temple.
  4100 | D:5      | Reached skill level 5 in Armour
  4100 | D:5      | Reached XP level 8. HP: 40/63 MP: 8/8
  4110 | Temple   | Entered the Ecumenical Temple
  4210 | Temple   | Became a worshipper of Warmaster Okawaru
  4534 | D:5      | Noticed Blork the orc
  4543 | D:5      | Killed Blork the orc
  4666 | D:5      | Reached skill level 6 in Maces & Flails
  4799 | D:5      | Found a shimmering altar of Xom.
  5189 | D:6      | Reached * piety under Okawaru
  5270 | D:6      | Reached XP level 9. HP: 61/69 MP: 9/9
  5312 | D:6      | Reached skill level 7 in Maces & Flails
  5610 | D:7      | Found Celeh's Assorted Antiques.
  5624 | D:7      | Bought a runed blue amulet for 145 gold pieces
  5811 | D:7      | Reached ** piety under Okawaru
  5870 | D:7      | Gained mutation: You have an increased reservoir of magic (+10% MP). [potion of mutation]
  5870 | D:7      | Gained mutation: Scrolls take you a little longer to read. [potion of mutation]
  5870 | D:7      | Gained mutation: Your movements are slightly less encumbered by armour (ER -2). [potion of mutation]
  6121 | D:7      | Gained mutation: You have large cloven feet. [potion of mutation]
  6121 | D:7      | Gained mutation: Your mind is acute. (Int +2) [potion of mutation]
  6122 | D:7      | Gained mutation: Your muscles are strong. (Str +2) [potion of mutation]
  6122 | D:7      | Gained mutation: You possess an exceptional clarity of mind. [potion of mutation]
  6149 | D:7      | You fall through a shaft for 2 floors!
  6168 | D:9      | Found a flagged portal.
  6273 | D:7      | Reached skill level 8 in Maces & Flails
  6959 | D:8      | Noticed Spurious's ghost (novice MiBe)
  7268 | D:8      | Noticed Prince Ribbit
  7456 | D:8      | Reached XP level 10. HP: 51/79 MP: 11/11
  7489 | D:7      | Reached *** piety under Okawaru
  7810 | D:8      | Noticed Pikel
  7832 | D:8      | Killed Pikel
  7832 | D:8      | Reached skill level 9 in Maces & Flails
  8254 | D:9      | Noticed a tengu warrior
  8406 | D:9      | Found a staircase to the Lair.
  8431 | D:9      | Found a deep blue altar of Sif Muna.
  8431 | D:9      | Found a glowing silver altar of Zin.
  8432 | D:9      | Noticed Erolcha
  8441 | D:9      | Killed Erolcha
  8441 | D:9      | Reached **** piety under Okawaru
  8742 | D:9      | Noticed a brown ugly thing
  8809 | D:9      | Received a gift from Okawaru
  8820 | D:9      | Reached skill level 10 in Maces & Flails
  8984 | Lair:1   | Entered Level 1 of the Lair of Beasts
  8990 | Lair:1   | Reached XP level 11. HP: 86/87 MP: 12/12
  9039 | Lair:1   | Noticed a six-headed hydra
  9056 | Lair:1   | HP: 1/87 [six-headed hydra (4)]
  9056 | Lair:1   | Slain by a six-headed hydra

Skill      XL: |  1  2  3  4  5  6  7  8  9 10 |
---------------+-------------------------------+-----
Maces & Flails | 3 4 5 6 8 10 | 10.1
Shields        | 4 5 6 7 9 |  9.2
Fighting       | 4 5 6 7 8 |  8.6
Armour         | 4 5 6 8 |  8.1

Action                   |  1- 3 |  4- 6 |  7- 9 | 10-12 || total
-------------------------+-------+-------+-------+-------++-------
Melee: Flail             |   103 |   201 |   207 |       ||   511
       Morningstar       |       |       |   261 |   119 ||   380
       Kick              |       |       |    44 |    60 ||   104
       Great mace        |       |       |       |    52 ||    52
 Abil: Dig               |     1 |     1 |     3 |       ||     5
       Shaft Self        |       |       |       |     1 ||     1
  Use: Potion            |       |     1 |     8 |       ||     9
  Eat: Chunk             |     1 |     7 |    12 |     3 ||    23
       Fruit             |       |       |     2 |       ||     2
       Pizza             |       |       |     1 |     1 ||     2
Armor: Scale mail        |    42 |    82 |    17 |       ||   141
       Chain mail        |       |       |   101 |       ||   101
       Plate armour      |       |       |    26 |    61 ||    87
       Skin              |       |       |    15 |       ||    15
Dodge: Dodged            |    29 |    58 |   112 |    38 ||   237
Block: Shield            |    56 |   106 |   360 |   139 ||   661
       Reflection        |       |       |    10 |     2 ||    12
